 Dungeon Crawl Stone Soup version 0.32-a0-891-gc41d80381e (webtiles) character file.

Game seed: 14144270786658452445

746 Ijustatesigmund the Conjurer (level 7, -3/67 HPs)
             Began as an Octopode Conjurer on Apr 3, 2024.
             Was an Initiate of Cheibriados.
             Succumbed to a gnoll sergeant's poison
             ... on level 5 of the Dungeon.
             The game lasted 00:10:11 (5310 turns).

Ijustatesigmund the Conjurer (Octopode Conjurer)    Turns: 5310, Time: 00:10:11

Health: -3/67      AC: 23    Str:  8    XL:     7   Next: 77%
Magic:  7/13       EV:  2    Int: 26    God:    Cheibriados [......]
Gold:   351        SH:  0    Dex: 11    Spells: 7/14 levels left

rFire   + . .        m - +8 trident of Calculation {flame, rF+ rC+ Int+3 SInv}
rCold   + . .        (no shield)
rNeg    . . .        (helmet currently unavailable)
rPois   +            (no amulet)
rElec   .            s - ring of flight
rCorr   .            (no ring)
SInv    +            (no ring)
Will    +....        (no ring)
Stlth   ++           (no ring)
HPRegen 0.31/turn    (no ring)
MPRegen 0.13/turn    (no ring)
                     (no ring)

%: no passive effects
@: lethally poisoned (-3 -> -50), tree-form, enlightened, very slow
A: stationary, stasis, torment immunity, boosted hp, almost no armour,
(amphibious), 8 rings, (camouflage 1), (gelatinous body 1), (nimble swimmer 1),
(tentacles)
a: Renounce Religion


You were on level 5 of the Dungeon.
You worshipped Cheibriados.
Cheibriados was noncommittal.
You were a tree.
You visited 2 branches of the dungeon, and saw 6 of its levels.

You collected 351 gold pieces.

Inventory:

Hand Weapons
 m - the +8 trident of Calculation (weapon) {flame, rF+ rC+ Int+3 SInv}
   (You found it on level 4 of the Dungeon)

   Int+3:     It affects your intelligence (+3).
   rF+:       It protects you from fire.
   rC+:       It protects you from cold.
   SInv:      It lets you see invisible.
 o - a +0 war axe
Armour
 k - a +0 buckler
Jewellery
 c - an amulet of guardian spirit
 s - a ring of flight (left branch)
 x - an amulet of regeneration
Wands
 j - a wand of warping (5)
Scrolls
 b - a scroll of revelation {unknown}
 f - a scroll of silence {unknown}
 h - a scroll of enchant armour {unknown}
 i - a scroll of teleportation
 n - 2 scrolls of poison
 q - a scroll of noise {unknown}
 t - 5 scrolls of identify {unknown}
 v - a scroll of vulnerability {unknown}
 y - a scroll of brand weapon {unknown}
 z - a scroll of blinking {unknown}
Potions
 a - a potion of magic
 d - 2 potions of curing {unknown}
 g - 2 potions of enlightenment
 l - 2 potions of ambrosia {unknown}
 p - 2 potions of lignification
 r - a potion of attraction {unknown}
 u - a potion of haste {unknown}
 w - 2 potions of degeneration {unknown}


   Skills:
 + Level 2.4 Fighting
 + Level 0.1 Polearms
 + Level 2.0 Dodging
 - Level 2.6 Stealth
 + Level 0.1 Shields
 + Level 4.0 Spellcasting
 + Level 5.6 Conjurations
 + Level 4.1 Translocations
 - Level 3.2 Evocations


You had 7 spell levels left.
You knew the following spells:

 Your Spells              Type           Power      Damage    Failure   Level
a - Magic Dart            Conj           100%       1d8       1%          1
b - Searing Ray           Conj           68%        2d6       1%          2
c - Iskenderun's Mystic Conj/Tloc 30%            2d8        (+2d4     12%         4

Your spell library contained the following spells:

 Spells                   Type           Power      Damage    Failure   Level
 Momentum Strike          Conj/Tloc      60%        3d9       1%          2
 Blink                    Tloc           52%        N/A       2%          2
 Lesser Beckoning         Tloc           52%        N/A       2%          2
 Call Canine Familiar     Summ           5%         N/A       26%         3
 Sigil of Binding         Hex            5%         N/A       26%         3
 Fulminant Prism          Conj/Alch      9%         3d7       26%         4
 Dimensional Bullseye     Hex/Tloc       8%         N/A       36%         4


Dungeon Overview and Level Annotations

Branches:
Dungeon (5/15)             Temple (1/1) D:4

Altars:
Cheibriados
Fedhas
Gozag
Makhleb
Okawaru
Ru
Sif Muna
Trog
Uskayaw
Vehumet
Wu Jian
Xom
Zin
The Shining One

Shops:
D:1 [   D:4 :


Innate Abilities, Weirdness & Mutations

You are a tree.
Your roots penetrate the ground, keeping you stationary.
You cannot be teleported.
You are immune to unholy pain and torment.
Your maximum health is greatly increased.
You cannot wear most types of armour.
((You are amphibious.))
You can wear up to eight rings at the same time.
((Your skin changes colour to match your surroundings (Stealth+).))
((Your rubbery body absorbs attacks. (AC +1, EV +1)))
((You are camouflaged when in or above water. (Stealth+)))
((You have tentacles for arms and can constrict up to eight enemies at once.))


Message History

You feel very sick.
A gnoll comes into view. It is wielding a +0 spear.
The gnoll sergeant completely misses you.
You reach to attack!
You barely miss the gnoll sergeant.
The gnoll sergeant is almost dead.
You feel very sick. The gnoll sergeant barely misses you.
The gnoll sergeant closely misses you.
You barely miss the gnoll.
The gnoll shouts!
Your grab misses the gnoll.
You feel sick. The gnoll misses you. The gnoll sergeant barely misses you.
You puncture the gnoll! You burn the gnoll.
You kill the gnoll!
Cheibriados appreciates the change of pace.
You feel sick.
The gnoll sergeant hits you from afar with a +1 spear of venom!
You are lethally poisoned!
You are too injured to fight recklessly!
You are too injured to fight recklessly!
You are too injured to fight recklessly!
Unknown command.
Aiming: Warp Space
Press: ? - help, Shift-Dir - straight line, p - gnoll sergeant
Okay, then.
It was a potion of enlightenment.
You feel more buoyant.
You feel very sick.
The gnoll sergeant hits you from afar with a +1 spear of venom!
* * * LOW HITPOINT WARNING * * *
You are more poisoned.
You feel much better.
You feel very sick. The gnoll closely misses you.
The gnoll hits you with a +0 flail!
The gnoll sergeant hits you from afar with a +1 spear of venom!
* * * LOW HITPOINT WARNING * * *
You are more poisoned.
It was a potion of lignification.
You turn into a tree.
Your roots penetrate the ground.
You die...
Cheibriados appreciates the motionlessness of death.

#..................
.
##....##...........
.
#...#####.........
). #...##
##.......# . ....##
##.......# . .....
##..###...# . #....
##..## ... ###..##
.. #.g♣)# .
#.....).# #..
##...gg.# #..
#.......# #..
.....#.... #..
...###..... #.. ..#
#..... ... .#
#...... ...


You could see a gnoll sergeant and 2 gnolls.

Vanquished Creatures
  An orc warrior (D:4)
  A black bear (D:4)
  A phantom (D:3)
  A scorpion (D:5)
  A jelly (D:4)
  A gnoll bouda (D:3)
  An orc priest (D:4)
  A sleepcap (D:4)
  Jessica (D:3)
  6 gnolls
  12 adders
  2 dart slugs
  3 ribbon worms
  13 orcs
  9 bats
  8 endoplasms
  2 giant cockroaches (D:3)
  5 goblins
  11 hobgoblins
  6 jackals
  6 kobolds
  A quokka (D:3)
  7 ball pythons
  4 frilled lizards
  7 rats
111 creatures vanquished.

Notes
Turn   | Place    | Note
-------+----------+-------------------------------------------
     0 | D:1      | Ijustatesigmund the Octopode Conjurer began the quest for
                  | the Orb.
     0 | D:1      | Reached XP level 1. HP: 11/11 MP: 3/3
   290 | D:1      | You fall into a shaft and drop 1 floor!
   338 | D:2      | Found a faded altar of an unknown god.
   343 | D:2      | Reached skill level 1 in Fighting
   343 | D:2      | Reached XP level 2. HP: 18/18 MP: 0/5
   358 | D:2      | Learned a level 2 spell: Searing Ray
   452 | D:2      | Reached XP level 3. HP: 23/23 MP: 0/6
  1242 | D:1      | Found Cuimaun's Antique Armour Shoppe.
  1312 | D:2      | Reached XP level 4. HP: 29/29 MP: 4/8
  2048 | D:2      | Learned a level 4 spell: Iskenderun's Mystic Blast
  2126 | D:2      | Reached XP level 5. HP: 35/35 MP: 4/9
  2513 | D:3      | Noticed Jessica
  2519 | D:3      | Killed Jessica
  2520 | D:3      | Reached skill level 1 in Translocations
  2520 | D:3      | Reached skill level 1 in Evocations
  2596 | D:3      | Noticed a phantom
  2608 | D:3      | Killed a phantom
  2609 | D:3      | Reached XP level 6. HP: 30/40 MP: 4/10
  2947 | D:3      | Found a sacrificial altar of Ru.
  3348 | D:3      | Found a radiant altar of Vehumet.
  3525 | D:4      | Noticed a black bear
  3533 | D:4      | Killed a black bear
  3534 | D:4      | Reached skill level 5 in Conjurations
  3534 | D:4      | Reached XP level 7. HP: 45/45 MP: 3/11
  4321 | D:4      | Found Zopnuf's Book Shoppe.
  4413 | D:4      | Found a staircase to the Ecumenical Temple.
  4772 | D:4      | Found an ornate altar of the Wu Jian Council.
  4785 | D:4      | Identified the +8 trident of Calculation {flame, rF+ rC+
                  | Int+3 SInv}
  4971 | D:5      | Entered Level 5 of the Dungeon
  5045 | D:5      | Found a shimmering altar of Xom.
  5163 | Temple   | Entered the Ecumenical Temple
  5171 | Temple   | Became a worshipper of Cheibriados the Contemplative
  5310 | D:5      | Succumbed to a gnoll sergeant's poison

Illustrated notes

Levels and vault maps discovered:
D:1:      elethiomel_arrival_quiet, layout_basic, serial_shops, shop_fountains,
          st_stairs_10
D:2:      layout_loops_ring, nicolae_ecumenical_snake_handling
D:3:      layout_rooms, vehumet_crystals, lemuel_tele_altar,
          nicolae_overflow_hidden_temple, uniq_jessica
D:4:      layout_rooms, nicolae_wu_jian_glorious_leap,
          minmay_temple_entry_statues_pillars, serial_shops,
          nicolae_book_shop_shelving
D:5:      layout_layer_cave, amcnicky_altar_gilded
Temple:   eino_temple_lava

Skill      XL: |  1  2  3  4  5  6  7 |
---------------+----------------------+-----
Fighting       | 1 2 |  2.4
Spellcasting   | 3 4 |  4.0
Translocations | 2 3 4 |  4.1
Evocations     | 2 3 |  3.2
Conjurations   | 5 |  5.6
Polearms       | |  0.1
Dodging        | |  2.0
Stealth        | |  2.6
Shields        | |  0.1

Action                     |  1- 3 |  4- 6 |  7- 9 || total
---------------------------+-------+-------+-------++-------
  Melee: Unarmed           |     6 |       |       ||     6
         Rapier            |    13 |     1 |       ||    14
         Constrict         |     4 |     6 |     2 ||    12
         Tentacles         |     3 |     3 |     2 ||     8
         Short sword       |       |    10 |       ||    10
         Club              |       |    10 |     7 ||    17
         Trident           |       |       |    15 ||    15
   Cast: Magic Dart        |    45 |    90 |    47 ||   182
         Searing Ray       |       |     6 |     1 ||     7
  Evoke: Wand              |       |       |     4 ||     4
    Use: Scroll            |       |     1 |     3 ||     4
         Potion            |       |       |     5 ||     5
   Stab: Sleeping          |     1 |     2 |       ||     3
         Distracted        |     1 |       |       ||     1
 Armour: Skin              |     5 |    12 |    23 ||    40
  Dodge: Dodged            |     7 |    20 |    21 ||    48

Table legend: (Time is in decaauts)
 A = Elapsed time spent in this place.
 B = Non-inter-level travel time spent in this place.
 C = Inter-level travel time spent in this place.
 D = Time resting spent in this place.
 E = Time spent auto-exploring this place.
 F = Levels seen in this place.
 G = Mean time per level.
                   A        B        C        D        E       F      G
               +--------+--------+--------+--------+--------+-----+--------+
         Total |   5353 |   5205 |    148 |   1332 |   3279 |   6 |  892.2 |
       Dungeon |   5334 |   5196 |    138 |   1332 |   3279 |   5 | 1066.8 |
        Temple |     18 |      8 |     10 |      0 |      0 |   1 |   18.0 |
               +--------+--------+--------+--------+--------+-----+--------+

Top non-repeatable levels by time:
     D:3: 1348 daAuts
     D:2: 1300 daAuts
     D:4: 1285 daAuts
     D:1: 1060 daAuts
     D:5: 339 daAuts
  Temple: 18 daAuts
